 Dungeon Crawl Stone Soup version 0.30.1-3-gfc49f6343a (webtiles) character file.

Game seed: 11862265463185888954

74 javelincjr the Caller (level 4, -4/27 HPs)
             Began as an Octopode Summoner on Aug 8, 2023.
             Slain by Grinder (5 damage)
             ... while paralysed by Grinder
             ... on level 3 of the Dungeon.
             The game lasted 00:06:22 (2664 turns).

javelincjr the Caller (Octopode Summoner)           Turns: 2664, Time: 00:06:23

Health: -4/27      AC:  1    Str:  7    XL:     4   Next: 28%
Magic:  3/8        EV:  2    Int: 19    God:
Gold:   157        SH:  0    Dex: 12    Spells: 5/8 levels left

rFire   . . .        j - +0 mace (protect)
rCold   . . .        (no shield)
rNeg    . . .        (helmet restricted)
rPois   .            g - amulet of reflection
rElec   .            o - +5 ring of evasion
rCorr   .            (no ring)
SInv    .            (no ring)
Will    .....        (no ring)
Stlth   +++          (no ring)
HPRegen 0.24/turn    (no ring)
MPRegen 0.11/turn    (no ring)
                     (no ring)

%: reflection
@: paralysed
A: almost no armour, amphibious, 8 rings, camouflage 1, gelatinous body 1,
(nimble swimmer 1), tentacles
a: no special abilities


You were on level 3 of the Dungeon.
You visited 1 branch of the dungeon, and saw 3 of its levels.

You collected 157 gold pieces.

Inventory:

Hand Weapons
 f - a +0 dagger
 i - a +1 whip of pain
 j - a +0 mace of protection (weapon)
Jewellery
 g - an amulet of reflection (around mantle)
 o - a +5 ring of evasion (left tentacle)
Scrolls
 b - 2 scrolls of enchant weapon {unknown}
 d - 4 scrolls of identify {unknown}
 e - a scroll of brand weapon {unknown}
 n - 2 scrolls of magic mapping {unknown}
 q - a scroll of poison {unknown}
 r - a scroll of teleportation {unknown}
Potions
 a - a potion of magic
 c - 4 potions of curing
 h - a potion of mutation {unknown}
 k - a potion of degeneration {unknown}
 l - 2 potions of resistance {unknown}
 m - a potion of ambrosia {unknown}
 p - 2 potions of might {unknown}


   Skills:
 + Level 2.7 Dodging
 + Level 3.9 Stealth
 + Level 2.6 Spellcasting
 + Level 4.4 Summonings


You had 5 spell levels left.
You knew the following spells:

 Your Spells              Type           Power      Damage    Failure   Level
a - Summon Small Mammal   Summ           76%        N/A       2%          1
b - Call Imp              Summ           38%        N/A       3%          2

Your spell library contained the following spells:

 Spells                   Type           Power      Damage    Failure   Level
 Call Canine Familiar     Summ           19%        N/A       8%          3
 Summon Guardian Golem    Hex/Summ       10%        N/A       19%         3
 Scorch                   Fire           4%         2d5       24%         2
 Summon Lightning Spire   Summ/Air       10%        N/A       54%         4
 Fireball                 Conj/Fire      1%         3d3       99%         5


Dungeon Overview and Level Annotations

Branches:
Dungeon (3/15)

Altars:
Kikubaaqudgha
Makhleb
Okawaru

Annotations:
D:3 Grinder


Innate Abilities, Weirdness & Mutations

You cannot wear most types of armour.
You are amphibious.
You can wear up to eight rings at the same time.
Your skin changes colour to match your surroundings (Stealth+).
Your rubbery body absorbs attacks. (AC +1, EV +1)
((You are camouflaged when in or above water. (Stealth+)))
You have tentacles for arms and can constrict up to eight enemies at once.


Message History

Grinder hits your rat but does no damage.
Your rat bites Grinder.
Your cerulean imp hits Grinder with a -3 spear.
Grinder hits your rat.
Your rat writhes in agony.
Your rat dies!
Your rat's corpse disappears in a puff of smoke!
Casting: Summon Small Mammal (safe; 2% risk of failure)
Confirm with . or Enter, or press ? or * to list all spells.
Your bat barely misses Grinder.
Your cerulean imp hits Grinder with a -3 spear.
Grinder gestures at you. Pain shoots through your body!
Your bat hits Grinder but does no damage.
Your cerulean imp hits Grinder but does no damage.
The dart slug launches a dart at you. The slug dart hits your bat.
There is a stone staircase leading down here.
You barely miss Grinder. Your grab misses Grinder. You squeeze Grinder.
Grinder is moderately wounded.
Your bat hits the dart slug.
Your bat hits Grinder but does no damage.
Your cerulean imp hits Grinder from afar with a -3 spear.
Grinder hits you.
You writhe in agony.
* * * LOW HITPOINT WARNING * * *
The dart slug launches a dart at you. The slug dart misses you.
The slug dart hits your quokka.
Unknown command.
Your bat hits the dart slug.
Your bat hits the dart slug but does no damage.
Your cerulean imp closely misses Grinder.
Grinder gestures at you.
You suddenly lose the ability to move!
Your bat hits the dart slug. The dart slug launches a dart at you.
The slug dart misses your bat. The slug dart hits you.
* * * LOW HITPOINT WARNING * * *
Your bat closely misses Grinder.
Your cerulean imp misses Grinder.
Grinder hits you.
* * * LOW HITPOINT WARNING * * *
You writhe in agony.
You die...

### #. .. ..# # .##.##.#
.. ... ..## .?.. .. ...
# ....##. #.# .##..
....w5r##.##.#.##
#...b..........
#.##5@.....###.
#.......##.# ##
####.......# #...#
##.#..#..# #...# #.....#
#.# #...# ####..##.#.#
.. #...###..........#
######................##
#......................#


You could see Grinder (ally target), a dart slug (ally target), a friendly
cerulean imp (summoned), a friendly quokka (summoned) and a friendly bat
(summoned).

Vanquished Creatures
  2 dart slugs
  2 orcs (D:3)
  4 ball pythons
  5 endoplasms
  3 giant cockroaches
  3 goblins
  2 hobgoblins (D:2)
  4 jackals
  A quokka (D:2)
  5 bats
  2 frilled lizards
  5 kobolds
  3 rats
41 creatures vanquished.

Vanquished Creatures (collateral kills)
  An orc (D:3)
  3 endoplasms
  A giant cockroach (D:1)
  2 jackals (D:3)
  3 ball pythons
  3 bats (D:1)
  A frilled lizard (D:1)
  2 kobolds
  3 rats
19 creatures vanquished.

Grand Total: 60 creatures vanquished

Notes
Turn   | Place    | Note
-------+----------+-------------------------------------------
     0 | D:1      | javelincjr the Octopode Summoner began the quest for the
                  | Orb.
     0 | D:1      | Reached XP level 1. HP: 11/11 MP: 3/3
   268 | D:1      | Reached XP level 2. HP: 17/17 MP: 1/5
  1031 | D:1      | Reached XP level 3. HP: 21/21 MP: 6/6
  1443 | D:2      | Learned a level 2 spell: Call Imp
  1469 | D:2      | Found a burning altar of Makhleb.
  2318 | D:3      | Reached XP level 4. HP: 26/27 MP: 7/7
  2365 | D:3      | Found an iron altar of Okawaru.
  2373 | D:3      | Found an ancient bone altar of Kikubaaqudgha.
  2646 | D:3      | Got the Parchment of Anthracomancy
  2646 | D:3      | Noticed Grinder
  2663 | D:3      | Paralysed by Grinder for 3 turns
  2664 | D:3      | HP: 1/27 [Grinder (2)]
  2664 | D:3      | Slain by Grinder

Illustrated notes

Levels and vault maps discovered:
D:1:      reono_arrival_forest_river, layout_basic, hex_intersection
D:2:      layout_basic, basic_altar, minmay_tetromino_t2
D:3:      layout_loops_cross, mainiacjoe_overflow_large_starburst, uniq_grinder

Skill      XL: |  1 |
---------------+----+-----
Stealth        | 3 |  3.9
Dodging        | |  2.7
Spellcasting   | |  2.6
Summonings     | |  4.4

Action                     |  1- 3 |  4- 6 || total
---------------------------+-------+-------++-------
  Melee: Unarmed           |    24 |       ||    24
         Constrict         |    23 |     7 ||    30
         Tentacles         |    17 |     4 ||    21
         Dagger            |    10 |       ||    10
         Mace              |    43 |    24 ||    67
         Whip              |     3 |       ||     3
   Cast: Summon Small Mamm |    37 |     7 ||    44
         Call Imp          |     4 |     4 ||     8
   Stab: Sleeping          |     6 |     1 ||     7
         Distracted        |     1 |       ||     1
 Armour: Skin              |     7 |     5 ||    12
  Dodge: Dodged            |    75 |    40 ||   115
  Block: Other             |     9 |     9 ||    18
